 Dungeon Crawl Stone Soup version 0.21-a0-440-g28109cb (webtiles) character file.

99 tof the Insei (level 4, -4/34 HPs)
             Began as a Demonspawn Gladiator on Nov 11, 2017.
             Slain by Sigmund
             ... wielding a +0 scythe
              (13 damage)
             ... on level 3 of the Dungeon.
             The game lasted 00:04:32 (3415 turns).

tof the Insei (Demonspawn Gladiator)                Turns: 3415, Time: 00:04:32

Health: -4/34      AC:  4    Str: 14    XL:     4   Next: 45%
Magic:  4/4        EV: 13    Int:  9    God:
Gold:   164        SH:  0    Dex: 16    Spells: 3/3 levels left

rFire    . . .     SeeInvis .     - Unarmed
rCold    . . .     Gourm    .   (no shield)
rNeg     . . .     Faith    .   a - +0 leather armour
rPois    .         Spirit   .   b - +0 helmet
rElec    .         Reflect  .   (no cloak)
rCorr    .         Harm     .   (no gloves)
MR       .....                  (no boots)
Stlth    +.........             (no amulet)
HPRegen  0.11/turn              (no ring)
MPRegen  0.09/turn              (no ring)

@: no status effects
A: rot immunity
a: no special abilities


You were on level 3 of the Dungeon.
You were not hungry.

You visited 1 branch of the dungeon, and saw 3 of its levels.

You collected 164 gold pieces.

Inventory:

Missiles
 c - 3 throwing nets
 g - 24 poisoned needles
 t - 4 tomahawks (quivered)
Armour
 a - a +0 leather armour (worn)
 b - a +0 helmet (worn)
Jewellery
 r - an uncursed ring of protection from cold {unknown}
Wands
 k - a wand of iceblast (12/15)
Scrolls
 f - a scroll of remove curse {unknown}
 m - 2 scrolls of immolation {unknown}
 n - a scroll of identify {unknown}
 o - 2 scrolls of magic mapping {unknown}
 p - a scroll of fog {unknown}
 q - a scroll of blinking {unknown}
 s - a scroll of teleportation {unknown}
Potions
 e - a potion of berserk rage
 h - 2 potions of ambrosia {unknown}
 j - 3 potions of curing {unknown}
Comestibles
 d - a bread ration
 i - a meat ration
 l - a royal jelly


   Skills:
 + Level 2.7 Fighting
 + Level 2.3 Throwing
 + Level 1.2 Armour
 + Level 3.0 Dodging
 * Level 3.5 Unarmed Combat


You had 3 spell levels left.
You didn't know any spells.

Dungeon Overview and Level Annotations

Branches:
Dungeon (3/15)

Altars:
Dithmenos
Elyvilon
Gozag
Makhleb
Uskayaw
Vehumet
Xom
Zin

Annotations:
D:3 Sigmund


Innate Abilities, Weirdness & Mutations

You are immune to rotting.


Message History

Sigmund closely misses you.
You hit the kobold but do no damage. The kobold hits you but does no damage.
You closely miss the kobold.
Sigmund hits you from afar with a scythe.
The kobold barely misses you.
You hit the kobold but do no damage. The kobold misses you.
Sigmund hits you from afar with a scythe.
You barely miss the kobold. The kobold barely misses you.
You hit the kobold.
You kill the kobold!
Sigmund hits you from afar with a scythe!
Sigmund hits you with a scythe.
* * * LOW HITPOINT WARNING * * *
You see here a kobold corpse.
You hit Sigmund.
Sigmund is lightly wounded.
You hit Sigmund but do no damage.
Sigmund is lightly wounded.
Sigmund hits you with a scythe!
You die...

#.....##......#
#..........#
#.....##.####.#
############
#.....##.##...#
#.....##.##.#.#
#.....##.##.#.#
########......#
####.### #####
#.# ...?. #@#
.....### #@#
#..#.## #.#
#.....###.#
#).....#
########


You could see Sigmund.

Vanquished Creatures
  2 adders (D:2)
  A worm (D:2)
  2 dart slugs
  3 leopard geckos
  2 orcs (D:3)
  A ball python (D:1)
  3 giant cockroaches (D:1)
  4 hobgoblins
  9 jackals
  2 quokkas
  6 bats
  4 frilled lizards
  5 goblins
  10 kobolds
  14 rats
68 creatures vanquished.

Notes
Turn   | Place    | Note
-------+----------+-------------------------------------------
     0 | D:1      | tof the Demonspawn Gladiator began the quest for the Orb.
     0 | D:1      | Reached XP level 1. HP: 16/16 MP: 1/1
   101 | D:1      | Gained mutation: You are immune to rotting. [demonic ancestry]
   101 | D:1      | Reached XP level 2. HP: 20/22 MP: 2/2
   770 | D:1      | Reached XP level 3. HP: 27/27 MP: 3/3
  1081 | D:2      | Reached skill level 1 in Armour
  1628 | D:2      | Found a shadowy altar of Dithmenos.
  1725 | D:2      | Reached XP level 4. HP: 19/34 MP: 4/4
  2636 | D:3      | Found a white marble altar of Elyvilon.
  2729 | D:3      | Found a burning altar of Makhleb.
  2810 | D:3      | Found a white marble altar of Elyvilon.
  2810 | D:3      | Found a shimmering altar of Xom.
  2827 | D:3      | Found a radiant altar of Vehumet.
  2942 | D:3      | Found an opulent altar of Gozag.
  2942 | D:3      | Found a glowing silver altar of Zin.
  3113 | D:3      | Found a hide-covered altar of Uskayaw.
  3392 | D:3      | Noticed Sigmund
  3415 | D:3      | Slain by Sigmund

Vault maps used:
D:1:      lightli_arrival_quake
D:2:      grunt_dithmenos_smoke_and_mirrors
D:3:      grunt_temple_overflow_gold_and_silver, old_standard_altar,
          gammafunk_temple_overflow_elements, lemuel_coloured_pillars_altar,
          overflow_temple_1_default, elyvilon_altar_1, uniq_sigmund

Skill      XL: |  1  2  3 |
---------------+----------+-----
Throwing       | 2 |  2.3
Unarmed Combat | 3 |  3.5
Armour         | 1 |  1.2
Dodging        | 3 |  3.0
Fighting       | |  2.7

Action                   |  1- 3 |  4- 6 || total
-------------------------+-------+-------++-------
Melee: Unarmed           |   189 |   118 ||   307
       Punch             |     3 |     2 ||     5
  Eat: Chunk             |     2 |     2 ||     4
       Bread ration      |       |     1 ||     1
Armor: Leather armour    |    56 |    32 ||    88
Dodge: Dodged            |   139 |   101 ||   240

Table legend:
 A = Spawn XP
 B = Non-spawn XP
 C = Spawn XP percentage of total XP
 D = Spawn monster count
 E = Non-spawn monster count
 F = Spawn count percentage of total count
 G = Total turns spent on level
                    A         B        C        D         E        F      G
               +---------+---------+-------+---------+---------+-------+---------
         Total |       0 |     142 |   0.0 |       0 |      68 |   0.0 |  3415
               +---------+---------+-------+---------+---------+-------+---------
           D:1 |       0 |      54 |   0.0 |       0 |      31 |   0.0 |  1070
           D:2 |       0 |      54 |   0.0 |       0 |      16 |   0.0 |  1194
           D:3 |       0 |      34 |   0.0 |       0 |      21 |   0.0 |  1151
               +---------+---------+-------+---------+---------+-------+---------
